River Rats vs Saguenéens
(R1)
Created - 13 novembre 2012 at 22:39
Goals
|
| River Rats |
0 |
1 |
2 |
3 |
| Saguenéens |
3 |
2 |
3 |
8 |
|
Shots
|
| River Rats |
12 |
10 |
10 |
32 |
| Saguenéens |
10 |
13 |
8 |
31 |
|
1st period
1. Saguenéens , Wayne Simmonds 1 (Kyle Brodziak, Michal Grosek) at 5:44
2. Saguenéens , Darren Helm 1 (Wade Belak, Nikolai Kulemin) at 19:17 (PP)
3. Saguenéens , Nikolai Kulemin 1 (Wade Belak, Darren Helm) at 19:29
Penalties :
Bryan Bickell (Alb) for High sticking (Minor) at 13:08, Niklas Hjalmarsson (Alb) for Hooking (Minor) at 17:47
2nd period
4. Saguenéens , Brendan Witt 1 (David McIntyre) at 6:24
5. Saguenéens , Lauri Tukonen 1 (David McIntyre, Henrik Tallinder) at 7:41
6. River Rats , Dustin Boyd 1 (Andrej Meszaros) at 9:49 (PP)
Penalties :
Jonathan Ericsson (Alb) for High sticking (Minor) at 4:15, Dwight King (Chi) for Hooking (Minor) at 9:33, Nikolai Kulemin (Chi) for Roughing (Minor) at 10:00, Ryan Reaves (Alb) for Hooking (Minor) at 13:12, Nicolas Blanchard (Chi) for High sticking (Minor) at 16:25, Jay Beagle (Alb) for Interference (Minor) at 17:50
3rd period
7. Saguenéens , Kyle Brodziak 1 (Michal Grosek, Nicolas Blanchard) at 3:55
8. Saguenéens , Nicolas Blanchard 1 (Mike Van Ryn) at 4:37
9. River Rats , Dustin Boyd 2 (Martin Grenier) at 4:58
10. Saguenéens , Nikolai Kulemin 2 (Wade Belak, Darren Helm) at 6:42
11. River Rats , Jay Beagle 1 (Niklas Hjalmarsson, Dustin Boyd) at 19:23 (PP)
Penalties :
Tyler Bozak (Alb) for Holding (Minor) at 1:12, Michal Grosek (Chi) for Fighting (Major) at 7:03, Peter Mueller (Alb) for Fighting (Major) at 7:03, Nikolai Kulemin (Chi) for Holding (Minor) at 8:40, Ryan Reaves (Alb) for Holding (Minor) at 11:08, Andrew MacDonald (Chi) for Fighting (Major) at 15:06, Ryan Suter (Alb) for Fighting (Major) at 15:06, Matt Niskanen (Chi) for Tripping (Minor) at 18:23
Goalie Stats
Allen York (Alb), 8 saves from 12 shots - (0,667), 20:18 minutes
Jeff Glass (Alb), 15 saves from 19 shots - (0,789), L, 0-1-0, 39:42 minutes
Thomas Greiss (Chi), 29 saves from 32 shots - (0,906), W, 1-0-0, 60:00 minutes
Players Stats for River Rats
Player Name G A P +/- PIM S H SB GA TA FO MP PP MP PK MP
------------------------------------------------------------------------------------
Andrej Meszaros 0 1 1 -1 0 4 2 1 0 0 0/0 21:56 2:54 5:40
Brett Maclean 0 0 0 -1 0 2 0 0 0 0 0/0 20:40 3:06 4:06
Bryan Bickell 0 0 0 -1 2 1 1 0 0 0 2/3 13:07 0:48 1:40
Chris Mcallister 0 0 0 -3 0 3 0 0 0 0 0/1 22:42 3:33 7:07
Dustin Boyd 2 1 3 -1 0 6 0 1 2 1 13/34 22:48 3:48 4:29
Jay Beagle 1 0 1 -1 2 3 0 0 0 0 0/1 12:15 3:29 0:00
Jonathan Ericsson 0 0 0 -3 2 1 3 1 0 1 0/0 28:59 3:45 6:09
Josh Gratton 0 0 0 -1 0 0 1 0 0 0 0/0 6:44 0:00 0:53
Keith Seabrook 0 0 0 -2 0 0 0 0 0 0 0/0 9:28 0:00 1:00
Kyle Chipchura 0 0 0 -2 0 1 0 0 0 0 9/13 13:15 0:00 7:13
Martin Grenier 0 1 1 -3 0 3 3 3 4 3 0/0 30:11 3:45 7:20
Niklas Hjalmarsson 0 1 1 -3 2 0 0 0 0 1 0/0 9:49 0:16 0:01
Peter Mueller 0 0 0 -2 5 3 1 0 1 0 5/7 12:02 2:06 0:12
Ryan Reaves 0 0 0 -2 4 0 1 0 0 0 0/0 10:20 0:00 0:00
Ryan Suter 0 0 0 -1 5 1 0 2 0 0 0/0 19:44 2:38 5:30
Ryan Thang 0 0 0 -1 0 0 1 0 0 0 0/1 5:51 0:00 0:00
Trent Hunter 0 0 0 -1 0 2 2 0 1 0 1/1 17:06 3:06 0:06
Tyler Bozak 0 0 0 -1 2 2 0 1 2 0 3/4 9:42 0:00 0:06
Players Stats for Saguenéens
Player Name G A P +/- PIM S H SB GA TA FO MP PP MP PK MP
------------------------------------------------------------------------------------
Andrew MacDonald 0 0 0 1 5 0 0 1 0 0 0/0 17:57 6:38 0:00
Brad Chartrand 0 0 0 1 0 2 1 0 0 0 0/0 13:46 6:11 0:00
Brendan Witt 1 0 1 4 0 2 0 2 0 1 0/0 13:38 0:18 3:13
Darren Helm 1 2 3 1 0 4 6 0 1 2 20/40 23:36 6:21 3:04
David McIntyre 0 2 2 2 0 1 0 1 0 0 2/2 7:33 0:00 0:00
Dwight King 0 0 0 1 2 1 1 0 0 1 0/0 7:53 0:14 0:00
Henrik Tallinder 0 1 1 1 0 3 1 0 1 0 0/0 22:53 5:54 3:26
Ian Cole 0 0 0 4 0 0 0 1 0 0 0/0 8:34 0:00 0:18
Johannes Salmonsson 0 0 0 2 0 0 1 1 1 1 0/0 8:53 0:00 1:04
Kyle Brodziak 1 1 2 2 0 2 3 0 1 2 5/13 20:40 6:29 3:04
Lauri Tukonen 1 0 1 2 0 2 0 1 0 0 1/1 7:33 0:00 0:00
Matt Niskanen 0 0 0 1 2 1 2 3 1 2 0/0 27:56 6:12 2:55
Michal Grosek 0 2 2 2 5 2 1 1 0 0 1/1 10:42 0:00 0:06
Mike Van Ryn 0 1 1 1 0 3 2 2 0 1 0/0 29:00 6:38 3:26
Nicolas Blanchard 1 1 2 1 2 1 1 0 0 0 1/4 7:57 0:18 0:00
Nikolai Kulemin 2 1 3 1 4 4 2 0 1 0 1/2 21:33 6:21 1:05
Wade Belak 0 3 3 1 0 2 0 0 0 0 1/2 23:11 6:21 3:04
Wayne Simmonds 1 0 1 2 0 1 3 0 0 0 0/0 19:25 6:15 1:51
3 Stars
1 - Darren Helm (Chi)
2 - Kyle Brodziak (Chi)
3 - Dustin Boyd (Alb)
Power Play
River Rats - 2 on 5 Attempt(s) - 40,00%
Saguenéens - 1 on 7 Attempt(s) - 14,29%
Penalty Kill
River Rats - 6 on 7 Attempt(s) - 85,71%
- Score 0 goal in Penalty Kill
Saguenéens - 3 on 5 Attempt(s) - 60,00%
- Score 0 goal in Penalty Kill
Official
Referees : Lee Chris and Pochmara Brian
Linesman : Pierre Racicot and Thor Nelson
Game Notes
Allen York enters game at 6:24 of 2nd period
Jeff Glass enters game at 6:42 of 3rd period
Michal Grosek and Peter Mueller fight to a draw at 7:03 of 3rd period
Ryan Suter beats up Andrew MacDonald at 15:06 of 3rd period
Bryan Bickell is injured at 17:57 of 3rd period (Sprained Right Knee)
River Rats
5 vs 5 Forward
Center Left Wing Right Wing Time % Phy DF OF
1 Dustin Boyd Brett Maclean Trent Hunter 40 1 2 2
2 Peter Mueller Chris Mcallister Ryan Reaves 30 1 2 2
3 Tyler Bozak Bryan Bickell Jay Beagle 20 1 2 2
4 Kyle Chipchura Josh Gratton Ryan Thang 10 1 2 2
5 vs 5 Defense
Defense Defense Time % Phy DF OF
1 Jonathan Ericsson Martin Grenier 40 1 2 2
2 Ryan Suter Andrej Meszaros 30 1 2 2
3 Niklas Hjalmarsson Keith Seabrook 20 1 2 2
4 Jonathan Ericsson Martin Grenier 10 1 2 2
PowerPlay Forward
Center Left Wing Right Wing Time % Phy DF OF
1 Dustin Boyd Chris Mcallister Jay Beagle 60 1 2 2
2 Peter Mueller Brett Maclean Trent Hunter 40 1 2 2
PowerPlay Defense
Defense Defense Time % Phy DF OF
1 Jonathan Ericsson Martin Grenier 60 1 2 2
2 Ryan Suter Andrej Meszaros 40 1 2 2
Penalty Kill 4 Players Forward
Center Wing Time % Phy DF OF
1 Kyle Chipchura Chris Mcallister 60 1 2 2
2 Dustin Boyd Brett Maclean 40 1 2 2
Penalty Kill 4 Players Defense
Defense Defense Time % Phy DF OF
1 Jonathan Ericsson Martin Grenier 60 1 2 2
2 Ryan Suter Andrej Meszaros 40 1 2 2
Penalty Kill - 3 Players Forward
Forward Time % Phy DF OF
1 Dustin Boyd 60 1 2 2
2 Chris Mcallister 40 1 2 2
Penalty Kill - 3 Players Defense
Defense Defense Time % Phy DF OF
1 Jonathan Ericsson Martin Grenier 60 1 2 2
2 Ryan Suter Andrej Meszaros 40 1 2 2
4 vs 4 Forward
Center Wing Time % Phy DF OF
1 Tyler Bozak Trent Hunter 60 1 2 2
2 Dustin Boyd Jay Beagle 40 1 2 2
4 vs 4 Defense
Defense Defense Time % Phy DF OF
1 Jonathan Ericsson Martin Grenier 60 1 2 2
2 Ryan Suter Andrej Meszaros 40 1 2 2
Last Minutes Offensive
Center Left Wing Right Wing Defense Defense
Dustin Boyd Chris Mcallister Trent Hunter Jonathan Ericsson Martin Grenier
Last Minutes Defensive
Center Left Wing Right Wing Defense Defense
Dustin Boyd Chris Mcallister Trent Hunter Jonathan Ericsson Martin Grenier
Goaltenders
Starting : Jeff Glass
Backup : Allen York
Extra Forwards
Normal : Brett Maclean, Trent Hunter, Bryan Bickell - PP : Bryan Bickell, Brett Maclean - PK : Bryan Bickell
Extra Defensemen
Normal : Niklas Hjalmarsson, Keith Seabrook, Ryan Suter - PP : Niklas Hjalmarsson - PK : Keith Seabrook, Ryan Suter
Penalty Shots
Peter Mueller, Brett Maclean, Dustin Boyd, Chris Mcallister, Josh Gratton
Saguenéens
5 vs 5 Forward
Center Left Wing Right Wing Time % Phy DF OF
1 Darren Helm Nikolai Kulemin Wade Belak 40 1 1 3
2 Kyle Brodziak Michal Grosek Wayne Simmonds 30 1 1 3
3 Nicolas Blanchard Dwight King Brad Chartrand 20 1 2 2
4 David McIntyre Johannes Salmonsson Lauri Tukonen 10 1 2 2
5 vs 5 Defense
Defense Defense Time % Phy DF OF
1 Matt Niskanen Mike Van Ryn 40 1 2 2
2 Andrew MacDonald Henrik Tallinder 30 1 2 2
3 Ian Cole Brendan Witt 20 1 2 2
4 Matt Niskanen Mike Van Ryn 10 0 2 2
PowerPlay Forward
Center Left Wing Right Wing Time % Phy DF OF
1 Darren Helm Nikolai Kulemin Wade Belak 50 1 1 3
2 Kyle Brodziak Brad Chartrand Wayne Simmonds 50 1 1 3
PowerPlay Defense
Defense Defense Time % Phy DF OF
1 Matt Niskanen Henrik Tallinder 50 1 2 2
2 Andrew MacDonald Mike Van Ryn 50 1 2 2
Penalty Kill 4 Players Forward
Center Wing Time % Phy DF OF
1 Darren Helm Nikolai Kulemin 50 1 2 2
2 Kyle Brodziak Wade Belak 50 1 2 2
Penalty Kill 4 Players Defense
Defense Defense Time % Phy DF OF
1 Mike Van Ryn Henrik Tallinder 50 1 2 2
2 Matt Niskanen Brendan Witt 50 1 2 2
Penalty Kill - 3 Players Forward
Forward Time % Phy DF OF
1 Michal Grosek 50 1 2 2
2 Wade Belak 50 1 2 2
Penalty Kill - 3 Players Defense
Defense Defense Time % Phy DF OF
1 Mike Van Ryn Henrik Tallinder 50 1 2 2
2 Matt Niskanen Brendan Witt 50 1 2 2
4 vs 4 Forward
Center Wing Time % Phy DF OF
1 Darren Helm Nikolai Kulemin 50 1 2 2
2 Kyle Brodziak Wayne Simmonds 50 1 2 2
4 vs 4 Defense
Defense Defense Time % Phy DF OF
1 Matt Niskanen Brendan Witt 50 1 2 2
2 Andrew MacDonald Mike Van Ryn 50 1 2 2
Last Minutes Offensive
Center Left Wing Right Wing Defense Defense
Darren Helm Nikolai Kulemin Wade Belak Matt Niskanen Mike Van Ryn
Last Minutes Defensive
Center Left Wing Right Wing Defense Defense
Kyle Brodziak Nikolai Kulemin Wayne Simmonds Matt Niskanen Mike Van Ryn
Goaltenders
Starting : Thomas Greiss
Backup : James Reimer
Extra Forwards
Normal : Wayne Simmonds, Wade Belak, Nikolai Kulemin - PP : Wade Belak, Dwight King - PK : Wayne Simmonds
Extra Defensemen
Normal : Andrew MacDonald, Henrik Tallinder, Brendan Witt - PP : Ian Cole - PK : Andrew MacDonald, Ian Cole
Penalty Shots
Darren Helm, Nikolai Kulemin, Michal Grosek, Wade Belak, Brad Chartrand
% Time on Ice - River Rats
Lines # - Real PCT - Wanted PCT - Time Play
Normal Forward
1 - 38% - 40% - 15:01
2 - 26% - 30% - 10:22
3 - 22% - 20% - 8:43
4 - 15% - 10% - 5:51
Normal Defense
1 - 45% - 40% - 17:50
2 - 33% - 30% - 13:22
3 - 20% - 20% - 8:03
4 - 2% - 10% - 0:42
PP Forward
1 - 53% - 60% - 3:33
2 - 47% - 40% - 3:06
PP Defense
1 - 56% - 60% - 3:45
2 - 44% - 40% - 2:54
PK Forward
1 - 68% - 60% - 8:44
2 - 32% - 40% - 4:06
PK Defense
1 - 57% - 60% - 7:20
2 - 43% - 40% - 5:30
PK3 Forward
1 - 0% - 60%
2 - 0% - 40%
PK3 Defense
1 - 0% - 60%
2 - 0% - 40%
44 Forward
1 - 100% - 60% - 0:34
2 - 0% - 40% - 0:00
44 Defense
1 - 100% - 60% - 0:34
2 - 0% - 40% - 0:00
Last Minute Offensive - 0:00
Last Minute Defensive - 0:00
Total
Forward - 60:00
Defense - 60:00
|
% Time on Ice - Saguenéens
Lines # - Real PCT - Wanted PCT - Time Play
Normal Forward
1 - 34% - 40% - 13:41
2 - 28% - 30% - 11:03
3 - 19% - 20% - 7:40
4 - 19% - 10% - 7:33
Normal Defense
1 - 45% - 40% - 17:48
2 - 32% - 30% - 12:37
3 - 21% - 20% - 8:16
4 - 3% - 10% - 1:16
PP Forward
1 - 49% - 50% - 6:21
2 - 51% - 50% - 6:29
PP Defense
1 - 48% - 50% - 6:12
2 - 52% - 50% - 6:38
PK Forward
1 - 54% - 50% - 3:35
2 - 46% - 50% - 3:04
PK Defense
1 - 52% - 50% - 3:26
2 - 48% - 50% - 3:13
PK3 Forward
1 - 0% - 50%
2 - 0% - 50%
PK3 Defense
1 - 0% - 50%
2 - 0% - 50%
44 Forward
1 - 82% - 50% - 0:28
2 - 18% - 50% - 0:06
44 Defense
1 - 100% - 50% - 0:34
2 - 0% - 50% - 0:00
Last Minute Offensive - 0:00
Last Minute Defensive - 0:00
Total
Forward - 60:00
Defense - 60:00
|
Play by Play
1st period
0:01 of 1st period - Darren Helm wins face-off versus Dustin Boyd in neutral zone.
0:14 of 1st period - Off-side.
0:15 of 1st period - Peter Mueller wins face-off versus Kyle Brodziak in neutral zone.
0:26 of 1st period - Slapshot by Peter Mueller.
0:26 of 1st period - Stopped by Thomas Greiss with a rebound.
0:40 of 1st period - Andrej Meszaros is hit by Nicolas Blanchard and loses puck.
0:49 of 1st period - Slapshot by Bryan Bickell.
0:49 of 1st period - Shot Blocked by Andrew MacDonald.
0:51 of 1st period - Snap shot by Jay Beagle.
0:51 of 1st period - Stopped by Thomas Greiss with a rebound.
1:21 of 1st period - Darren Helm is hit by Martin Grenier and loses puck.
1:27 of 1st period - Andrew MacDonald is hit by Martin Grenier and loses puck.
2:16 of 1st period - Slapshot by Matt Niskanen.
2:16 of 1st period - Shot Blocked by Ryan Suter.
2:32 of 1st period - Bryan Bickell is hit by Dwight King and loses puck.
4:38 of 1st period - Off-side.
4:39 of 1st period - Bryan Bickell wins face-off versus Kyle Brodziak in neutral zone.
4:58 of 1st period - Ryan Suter is hit by Michal Grosek and loses puck.
5:30 of 1st period - Snap shot by Michal Grosek.
5:30 of 1st period - Stopped by Jeff Glass with a rebound.
5:32 of 1st period - Slapshot by Henrik Tallinder.
5:32 of 1st period - Stopped by Jeff Glass with a rebound.
5:42 of 1st period - Slapshot by Kyle Brodziak.
5:42 of 1st period - Stopped by Jeff Glass with a rebound.
5:44 of 1st period - Slapshot by Wayne Simmonds.
5:44 of 1st period - Goal by Wayne Simmonds - River Rats : 0 - Saguenéens : 1.
5:45 of 1st period - Dustin Boyd wins face-off versus Darren Helm in neutral zone.
6:02 of 1st period - Dustin Boyd is hit by Nikolai Kulemin and loses puck.
7:15 of 1st period - Snap shot by Bryan Bickell.
7:15 of 1st period - Stopped by Thomas Greiss with a rebound.
9:05 of 1st period - Snap shot by Peter Mueller.
9:05 of 1st period - Deflect By Chris Mcallister.
9:05 of 1st period - Stopped by Thomas Greiss with a rebound.
9:07 of 1st period - Slapshot by Andrej Meszaros.
9:07 of 1st period - Shot Blocked by Mike Van Ryn.
9:09 of 1st period - Snap shot by Peter Mueller.
9:09 of 1st period - Stopped by Thomas Greiss without a rebound.
9:10 of 1st period - Dustin Boyd wins face-off versus Darren Helm in Saguenéens zone.
9:42 of 1st period - Brendan Witt is hit by Peter Mueller.
10:18 of 1st period - Nicolas Blanchard is hit by Trent Hunter and loses puck.
10:43 of 1st period - Snap shot by Darren Helm.
10:43 of 1st period - Shot Misses the Net.
11:09 of 1st period - Slapshot by Mike Van Ryn.
11:09 of 1st period - Shot Blocked by Martin Grenier.
12:28 of 1st period - Wrist shot by Brett Maclean.
12:28 of 1st period - Stopped by Thomas Greiss with a rebound.
12:42 of 1st period - Jonathan Ericsson is hit by Johannes Salmonsson and loses puck.
13:01 of 1st period - Slapshot by Martin Grenier.
13:01 of 1st period - Deflect By Tyler Bozak.
13:01 of 1st period - Stopped by Thomas Greiss without a rebound.
13:02 of 1st period - Tyler Bozak wins face-off versus Nicolas Blanchard in Saguenéens zone.
13:07 of 1st period - Snap shot by Tyler Bozak.
13:07 of 1st period - Stopped by Thomas Greiss with a rebound.
13:08 of 1st period - Minor Penalty to Bryan Bickell for High sticking.
13:09 of 1st period - Kyle Chipchura wins face-off versus Darren Helm in River Rats zone.
13:09 of 1st period - Kyle Chipchura is hit by Darren Helm.
14:16 of 1st period - Icing by Mike Van Ryn.
14:17 of 1st period - Darren Helm wins face-off versus Dustin Boyd in Saguenéens zone.
15:08 of 1st period - Penalty to Bryan Bickell is over, Bryan Bickell is back on ice.
15:11 of 1st period - Icing by Andrej Meszaros.
15:12 of 1st period - Lauri Tukonen wins face-off versus Dustin Boyd in River Rats zone.
15:13 of 1st period - Wrist shot by David McIntyre.
15:13 of 1st period - Stopped by Jeff Glass with a rebound.
15:48 of 1st period - Wrist shot by Chris Mcallister.
15:48 of 1st period - Shot Blocked by Lauri Tukonen.
15:50 of 1st period - Wrist shot by Chris Mcallister.
15:50 of 1st period - Shot Blocked by Ian Cole.
15:52 of 1st period - Slapshot by Ryan Suter.
15:52 of 1st period - Deflect By Lauri Tukonen.
15:52 of 1st period - Stopped by Thomas Greiss with a rebound.
15:54 of 1st period - Snap shot by Dustin Boyd.
15:54 of 1st period - Stopped by Thomas Greiss with a rebound.
15:56 of 1st period - Slapshot by Andrej Meszaros.
15:56 of 1st period - Stopped by Thomas Greiss with a rebound.
15:58 of 1st period - Slapshot by Ryan Suter.
15:58 of 1st period - Shot Blocked by Brendan Witt.
16:00 of 1st period - Snap shot by Bryan Bickell.
16:00 of 1st period - Shot Blocked by David McIntyre.
16:02 of 1st period - Slapshot by Andrej Meszaros.
16:02 of 1st period - Shot Blocked by Brendan Witt.
16:04 of 1st period - Snap shot by Bryan Bickell.
16:04 of 1st period - Shot Misses the Net.
16:34 of 1st period - Snap shot by Dustin Boyd.
16:34 of 1st period - Stopped by Thomas Greiss without a rebound.
16:35 of 1st period - Darren Helm wins face-off versus Ryan Thang in Saguenéens zone.
16:35 of 1st period - Darren Helm is hit by Josh Gratton.
17:08 of 1st period - Wrist shot by Michal Grosek.
17:08 of 1st period - Stopped by Jeff Glass with a rebound.
17:15 of 1st period - Martin Grenier is hit by Matt Niskanen and loses puck.
17:47 of 1st period - Minor Penalty to Niklas Hjalmarsson for Hooking.
17:48 of 1st period - Kyle Brodziak wins face-off versus Kyle Chipchura in River Rats zone.
17:59 of 1st period - Wrist shot by Brad Chartrand.
17:59 of 1st period - Shot Blocked by Martin Grenier.
18:01 of 1st period - Slapshot by Henrik Tallinder.
18:01 of 1st period - Stopped by Jeff Glass without a rebound.
18:02 of 1st period - Kyle Chipchura wins face-off versus Darren Helm in River Rats zone.
18:45 of 1st period - Snap shot by Dustin Boyd.
18:45 of 1st period - Shot Blocked by Mike Van Ryn.
19:01 of 1st period - Wrist shot by Brad Chartrand.
19:01 of 1st period - Shot Misses the Net.
19:03 of 1st period - Snap shot by Kyle Brodziak.
19:03 of 1st period - Shot Blocked by Ryan Suter.
19:05 of 1st period - Wrist shot by Brad Chartrand.
19:05 of 1st period - Stopped by Jeff Glass without a rebound.
19:06 of 1st period - Kyle Chipchura wins face-off versus Darren Helm in River Rats zone.
19:17 of 1st period - Snap shot by Darren Helm.
19:17 of 1st period - Goal by Darren Helm - River Rats : 0 - Saguenéens : 2.
19:18 of 1st period - Darren Helm wins face-off versus Dustin Boyd in neutral zone.
19:29 of 1st period - Snap shot by Nikolai Kulemin.
19:29 of 1st period - Goal by Nikolai Kulemin - River Rats : 0 - Saguenéens : 3.
19:30 of 1st period - Darren Helm wins face-off versus Dustin Boyd in neutral zone.
19:59 of 1st period - Snap shot by Nikolai Kulemin.
19:59 of 1st period - Shot Misses the Net.
2nd period
0:01 of 2nd period - Darren Helm wins face-off versus Dustin Boyd in neutral zone.
0:35 of 2nd period - Wrist shot by Matt Niskanen.
0:35 of 2nd period - Deflect By Wayne Simmonds.
0:35 of 2nd period - Shot Misses the Net.
0:35 of 2nd period - Puck is out of play.
0:36 of 2nd period - Dustin Boyd wins face-off versus Kyle Brodziak in River Rats zone.
1:36 of 2nd period - Slapshot by Mike Van Ryn.
1:36 of 2nd period - Deflect By Niklas Hjalmarsson.
1:36 of 2nd period - Stopped by Jeff Glass with a rebound.
2:28 of 2nd period - Slapshot by Wade Belak.
2:28 of 2nd period - Stopped by Jeff Glass with a rebound.
2:52 of 2nd period - Wrist shot by Josh Gratton.
2:52 of 2nd period - Shot Misses the Net.
2:54 of 2nd period - Slapshot by Martin Grenier.
2:54 of 2nd period - Stopped by Thomas Greiss with a rebound.
2:56 of 2nd period - Snap shot by Ryan Thang.
2:56 of 2nd period - Shot Blocked by Johannes Salmonsson.
3:10 of 2nd period - Brett Maclean is hit by Brad Chartrand and loses puck.
3:49 of 2nd period - Snap shot by Kyle Chipchura.
3:49 of 2nd period - Shot Blocked by Matt Niskanen.
3:51 of 2nd period - Slapshot by Ryan Suter.
3:51 of 2nd period - Shot Blocked by Michal Grosek.
3:53 of 2nd period - Wrist shot by Kyle Chipchura.
3:53 of 2nd period - Stopped by Thomas Greiss without a rebound.
3:54 of 2nd period - Darren Helm wins face-off versus Dustin Boyd in Saguenéens zone.
4:01 of 2nd period - Wrist shot by Wade Belak.
4:01 of 2nd period - Stopped by Jeff Glass without a rebound.
4:02 of 2nd period - Trent Hunter wins face-off versus Darren Helm in River Rats zone.
4:02 of 2nd period - Trent Hunter is hit by Darren Helm.
4:15 of 2nd period - Minor Penalty to Jonathan Ericsson for High sticking.
4:16 of 2nd period - Darren Helm wins face-off versus Kyle Chipchura in River Rats zone.
4:19 of 2nd period - Slapshot by Nikolai Kulemin.
4:19 of 2nd period - Stopped by Jeff Glass with a rebound.
4:21 of 2nd period - Snap shot by Nikolai Kulemin.
4:21 of 2nd period - Stopped by Jeff Glass without a rebound.
4:22 of 2nd period - Kyle Chipchura wins face-off versus Darren Helm in River Rats zone.
4:22 of 2nd period - Kyle Chipchura is hit by Matt Niskanen.
6:15 of 2nd period - Penalty to Jonathan Ericsson is over, Jonathan Ericsson is back on ice.
6:22 of 2nd period - Icing by Jonathan Ericsson.
6:23 of 2nd period - David McIntyre wins face-off versus Kyle Chipchura in River Rats zone.
6:24 of 2nd period - Slapshot by Brendan Witt.
6:24 of 2nd period - Goal by Brendan Witt - River Rats : 0 - Saguenéens : 4.
6:24 of 2nd period - Allen York enters game.
6:25 of 2nd period - Darren Helm wins face-off versus Dustin Boyd in neutral zone.
6:40 of 2nd period - Snap shot by Dustin Boyd.
6:40 of 2nd period - Stopped by Thomas Greiss without a rebound.
6:41 of 2nd period - Peter Mueller wins face-off versus Kyle Brodziak in Saguenéens zone.
6:48 of 2nd period - Slapshot by Chris Mcallister.
6:48 of 2nd period - Deflect By Peter Mueller.
6:48 of 2nd period - Stopped by Thomas Greiss with a rebound.
7:08 of 2nd period - Martin Grenier is hit by Darren Helm and loses puck.
7:19 of 2nd period - Snap shot by Wade Belak.
7:19 of 2nd period - Shot Blocked by Jonathan Ericsson.
7:37 of 2nd period - Wrist shot by Lauri Tukonen.
7:37 of 2nd period - Stopped by Allen York with a rebound.
7:39 of 2nd period - Snap shot by Lauri Tukonen.
7:39 of 2nd period - Shot Misses the Net.
7:41 of 2nd period - Snap shot by Lauri Tukonen.
7:41 of 2nd period - Goal by Lauri Tukonen - River Rats : 0 - Saguenéens : 5.
7:42 of 2nd period - Darren Helm wins face-off versus Peter Mueller in neutral zone.
7:51 of 2nd period - Snap shot by Nikolai Kulemin.
7:51 of 2nd period - Shot Blocked by Andrej Meszaros.
7:57 of 2nd period - Wrist shot by Wade Belak.
7:57 of 2nd period - Shot Misses the Net.
8:18 of 2nd period - Slapshot by Andrej Meszaros.
8:18 of 2nd period - Stopped by Thomas Greiss with a rebound.
8:29 of 2nd period - Off-side.
8:30 of 2nd period - Nicolas Blanchard wins face-off versus Dustin Boyd in neutral zone.
8:35 of 2nd period - Slapshot by Mike Van Ryn.
8:35 of 2nd period - Deflect By Dwight King.
8:35 of 2nd period - Stopped by Allen York without a rebound.
8:36 of 2nd period - Dustin Boyd wins face-off versus Darren Helm in River Rats zone.
8:36 of 2nd period - Dustin Boyd is hit by Darren Helm.
9:33 of 2nd period - Minor Penalty to Dwight King for Hooking.
9:34 of 2nd period - Darren Helm wins face-off versus Jay Beagle in Saguenéens zone.
9:43 of 2nd period - Wrist shot by Kyle Brodziak.
9:43 of 2nd period - Shot Misses the Net.
9:49 of 2nd period - Wrist shot by Dustin Boyd.
9:49 of 2nd period - Goal by Dustin Boyd - River Rats : 1 - Saguenéens : 5.
9:50 of 2nd period - Dustin Boyd wins face-off versus Wade Belak in neutral zone.
9:54 of 2nd period - Jonathan Ericsson is hit by Mike Van Ryn and loses puck.
10:00 of 2nd period - Minor Penalty to Nikolai Kulemin for Roughing.
10:01 of 2nd period - Dustin Boyd wins face-off versus Darren Helm in Saguenéens zone.
10:02 of 2nd period - Snap shot by Chris Mcallister.
10:02 of 2nd period - Deflect By Dustin Boyd.
10:02 of 2nd period - Stopped by Thomas Greiss with a rebound.
10:04 of 2nd period - Snap shot by Martin Grenier.
10:04 of 2nd period - Stopped by Thomas Greiss with a rebound.
12:00 of 2nd period - Penalty to Nikolai Kulemin is over, Nikolai Kulemin is back on ice.
12:16 of 2nd period - Wrist shot by Nikolai Kulemin.
12:16 of 2nd period - Shot Misses the Net.
12:40 of 2nd period - Slapshot by Mike Van Ryn.
12:40 of 2nd period - Stopped by Allen York with a rebound.
12:42 of 2nd period - Slapshot by Henrik Tallinder.
12:42 of 2nd period - Deflect By Tyler Bozak.
12:42 of 2nd period - Stopped by Allen York without a rebound.
12:43 of 2nd period - Kyle Chipchura wins face-off versus Nicolas Blanchard in River Rats zone.
13:04 of 2nd period - Chris Mcallister is hit by Kyle Brodziak and loses puck.
13:12 of 2nd period - Minor Penalty to Ryan Reaves for Hooking.
13:13 of 2nd period - Kyle Chipchura wins face-off versus Darren Helm in River Rats zone.
13:24 of 2nd period - Snap shot by Darren Helm.
13:24 of 2nd period - Stopped by Allen York with a rebound.
13:34 of 2nd period - Martin Grenier is hit by Darren Helm and loses puck.
14:16 of 2nd period - Icing by Matt Niskanen.
14:17 of 2nd period - Kyle Brodziak wins face-off versus Dustin Boyd in Saguenéens zone.
14:43 of 2nd period - Jonathan Ericsson is hit by Kyle Brodziak and loses puck.
15:12 of 2nd period - Penalty to Ryan Reaves is over, Ryan Reaves is back on ice.
15:29 of 2nd period - Wrist shot by Brendan Witt.
15:29 of 2nd period - Stopped by Allen York with a rebound.
15:46 of 2nd period - Off-side.
15:47 of 2nd period - Peter Mueller wins face-off versus Kyle Brodziak in neutral zone.
15:50 of 2nd period - Mike Van Ryn is hit by Ryan Reaves and loses puck.
16:25 of 2nd period - Minor Penalty to Nicolas Blanchard for High sticking.
16:26 of 2nd period - Dustin Boyd wins face-off versus Kyle Brodziak in Saguenéens zone.
16:51 of 2nd period - Martin Grenier is hit by Darren Helm and loses puck.
17:50 of 2nd period - Minor Penalty to Jay Beagle for Interference.
17:51 of 2nd period - Tyler Bozak wins face-off versus Darren Helm in River Rats zone.
17:56 of 2nd period - Slapshot by Martin Grenier.
17:56 of 2nd period - Shot Misses the Net.
17:58 of 2nd period - Wrist shot by Trent Hunter.
17:58 of 2nd period - Stopped by Thomas Greiss without a rebound.
17:59 of 2nd period - Tyler Bozak wins face-off versus Darren Helm in Saguenéens zone.
18:14 of 2nd period - Snap shot by Trent Hunter.
18:14 of 2nd period - Shot Blocked by Matt Niskanen.
18:25 of 2nd period - Penalty to Nicolas Blanchard is over, Nicolas Blanchard is back on ice.
18:37 of 2nd period - Kyle Brodziak is hit by Andrej Meszaros and loses puck.
18:42 of 2nd period - Slapshot by Andrej Meszaros.
18:42 of 2nd period - Stopped by Thomas Greiss without a rebound.
18:43 of 2nd period - Darren Helm wins face-off versus Kyle Chipchura in Saguenéens zone.
19:09 of 2nd period - Ryan Suter is hit by Wayne Simmonds.
19:45 of 2nd period - Jonathan Ericsson is hit by Henrik Tallinder and loses puck.
19:50 of 2nd period - Penalty to Jay Beagle is over, Jay Beagle is back on ice.
3rd period
0:01 of 3rd period - Darren Helm wins face-off versus Dustin Boyd in neutral zone.
0:47 of 3rd period - Slapshot by Mike Van Ryn.
0:47 of 3rd period - Shot Misses the Net.
0:49 of 3rd period - Wrist shot by Nicolas Blanchard.
0:49 of 3rd period - Shot Blocked by Tyler Bozak.
1:12 of 3rd period - Minor Penalty to Tyler Bozak for Holding.
1:13 of 3rd period - Kyle Chipchura wins face-off versus Darren Helm in River Rats zone.
1:38 of 3rd period - Jonathan Ericsson is hit by Mike Van Ryn and loses puck.
1:45 of 3rd period - Snap shot by Brad Chartrand.
1:45 of 3rd period - Stopped by Allen York with a rebound.
1:47 of 3rd period - Snap shot by Wayne Simmonds.
1:47 of 3rd period - Deflect By Kyle Brodziak.
1:47 of 3rd period - Shot Misses the Net.
1:47 of 3rd period - Puck is out of play.
1:48 of 3rd period - Nikolai Kulemin wins face-off versus Dustin Boyd in River Rats zone.
3:12 of 3rd period - Penalty to Tyler Bozak is over, Tyler Bozak is back on ice.
3:23 of 3rd period - Snap shot by Tyler Bozak.
3:23 of 3rd period - Deflect By Chris Mcallister.
3:23 of 3rd period - Stopped by Thomas Greiss with a rebound.
3:55 of 3rd period - Wrist shot by Kyle Brodziak.
3:55 of 3rd period - Goal by Kyle Brodziak - River Rats : 1 - Saguenéens : 6.
3:56 of 3rd period - Dustin Boyd wins face-off versus Darren Helm in neutral zone.
3:59 of 3rd period - Backhand shot by Dustin Boyd.
3:59 of 3rd period - Shot Misses the Net.
4:27 of 3rd period - Snap shot by Trent Hunter.
4:27 of 3rd period - Stopped by Thomas Greiss without a rebound.
4:28 of 3rd period - Peter Mueller wins face-off versus Nicolas Blanchard in Saguenéens zone.
4:35 of 3rd period - Slapshot by Mike Van Ryn.
4:35 of 3rd period - Stopped by Allen York with a rebound.
4:37 of 3rd period - Wrist shot by Nicolas Blanchard.
4:37 of 3rd period - Goal by Nicolas Blanchard - River Rats : 1 - Saguenéens : 7.
4:38 of 3rd period - Darren Helm wins face-off versus Dustin Boyd in neutral zone.
4:45 of 3rd period - Snap shot by Darren Helm.
4:45 of 3rd period - Shot Misses the Net.
4:50 of 3rd period - Off-side.
4:51 of 3rd period - Dustin Boyd wins face-off versus Darren Helm in neutral zone.
4:58 of 3rd period - Backhand shot by Dustin Boyd.
4:58 of 3rd period - Goal by Dustin Boyd - River Rats : 2 - Saguenéens : 7.
4:59 of 3rd period - Darren Helm wins face-off versus Dustin Boyd in neutral zone.
5:01 of 3rd period - Wade Belak is hit by Trent Hunter and loses puck.
6:07 of 3rd period - Lauri Tukonen is hit by Ryan Thang and loses puck.
6:30 of 3rd period - Wrist shot by Dustin Boyd.
6:30 of 3rd period - Shot Misses the Net.
6:33 of 3rd period - Icing by Henrik Tallinder.
6:34 of 3rd period - Darren Helm wins face-off versus Peter Mueller in Saguenéens zone.
6:34 of 3rd period - Darren Helm is hit by Jonathan Ericsson.
6:42 of 3rd period - Wrist shot by Nikolai Kulemin.
6:42 of 3rd period - Goal by Nikolai Kulemin - River Rats : 2 - Saguenéens : 8.
6:42 of 3rd period - Jeff Glass enters game.
6:43 of 3rd period - Darren Helm wins face-off versus Dustin Boyd in neutral zone.
6:46 of 3rd period - Slapshot by Matt Niskanen.
6:46 of 3rd period - Stopped by Jeff Glass without a rebound.
6:47 of 3rd period - Dustin Boyd wins face-off versus Darren Helm in River Rats zone.
6:58 of 3rd period - Snap shot by Dustin Boyd.
6:58 of 3rd period - Shot Misses the Net.
7:00 of 3rd period - Snap shot by Brett Maclean.
7:00 of 3rd period - Stopped by Thomas Greiss with a rebound.
7:02 of 3rd period - Slapshot by Martin Grenier.
7:02 of 3rd period - Stopped by Thomas Greiss without a rebound.
7:03 of 3rd period - Michal Grosek wins face-off versus Chris Mcallister in Saguenéens zone.
7:03 of 3rd period - Michal Grosek and Peter Mueller fight to a draw.
7:03 of 3rd period - Penalty to Michal Grosek for Fighting.
7:03 of 3rd period - Penalty to Peter Mueller for Fighting.
7:04 of 3rd period - Wade Belak wins face-off versus Dustin Boyd in Saguenéens zone.
7:11 of 3rd period - Slapshot by Nikolai Kulemin.
7:11 of 3rd period - Deflect By Wade Belak.
7:11 of 3rd period - Shot Blocked by Dustin Boyd.
7:11 of 3rd period - Puck is out of play.
7:12 of 3rd period - Darren Helm wins face-off versus Dustin Boyd in River Rats zone.
7:41 of 3rd period - Wrist shot by Chris Mcallister.
7:41 of 3rd period - Deflect By Kyle Brodziak.
7:41 of 3rd period - Shot Blocked by Matt Niskanen.
7:41 of 3rd period - Puck is out of play.
7:42 of 3rd period - Kyle Brodziak wins face-off versus Bryan Bickell in Saguenéens zone.
7:47 of 3rd period - Ryan Reaves is hit by Wayne Simmonds.
8:40 of 3rd period - Minor Penalty to Nikolai Kulemin for Holding.
8:41 of 3rd period - Dustin Boyd wins face-off versus Kyle Brodziak in Saguenéens zone.
8:54 of 3rd period - Wrist shot by Jonathan Ericsson.
8:54 of 3rd period - Stopped by Thomas Greiss with a rebound.
8:56 of 3rd period - Wrist shot by Chris Mcallister.
8:56 of 3rd period - Deflect By Henrik Tallinder.
8:56 of 3rd period - Stopped by Thomas Greiss with a rebound.
9:54 of 3rd period - Icing by Martin Grenier.
9:55 of 3rd period - Bryan Bickell wins face-off versus Darren Helm in River Rats zone.
10:40 of 3rd period - Penalty to Nikolai Kulemin is over, Nikolai Kulemin is back on ice.
10:44 of 3rd period - Slapshot by Henrik Tallinder.
10:44 of 3rd period - Deflect By Nikolai Kulemin.
10:44 of 3rd period - Shot Misses the Net.
10:44 of 3rd period - Puck is out of play.
10:45 of 3rd period - Kyle Chipchura wins face-off versus Kyle Brodziak in River Rats zone.
10:45 of 3rd period - Kyle Chipchura is hit by Wayne Simmonds.
11:08 of 3rd period - Minor Penalty to Ryan Reaves for Holding.
11:09 of 3rd period - Kyle Chipchura wins face-off versus Nikolai Kulemin in River Rats zone.
11:40 of 3rd period - Wrist shot by Kyle Brodziak.
11:40 of 3rd period - Shot Misses the Net.
11:42 of 3rd period - Slapshot by Andrew MacDonald.
11:42 of 3rd period - Shot Blocked by Martin Grenier.
11:44 of 3rd period - Wrist shot by Kyle Brodziak.
11:44 of 3rd period - Shot Misses the Net.
11:46 of 3rd period - Slapshot by Mike Van Ryn.
11:46 of 3rd period - Shot Misses the Net.
12:03 of 3rd period - Penalty to Peter Mueller is over, Peter Mueller is back on ice.
12:30 of 3rd period - Brad Chartrand is hit by Bryan Bickell and loses puck.
13:08 of 3rd period - Penalty to Ryan Reaves is over, Ryan Reaves is back on ice.
13:19 of 3rd period - Wrist shot by Peter Mueller.
13:19 of 3rd period - Shot Misses the Net.
13:29 of 3rd period - Wrist shot by Lauri Tukonen.
13:29 of 3rd period - Shot Misses the Net.
13:56 of 3rd period - Off-side.
13:57 of 3rd period - Peter Mueller wins face-off versus Darren Helm in neutral zone.
14:00 of 3rd period - Slapshot by Andrej Meszaros.
14:00 of 3rd period - Stopped by Thomas Greiss with a rebound.
14:07 of 3rd period - Icing by Nikolai Kulemin.
14:08 of 3rd period - Darren Helm wins face-off versus Dustin Boyd in Saguenéens zone.
15:06 of 3rd period - Ryan Suter beats up Andrew MacDonald.
15:06 of 3rd period - Penalty to Andrew MacDonald for Fighting.
15:06 of 3rd period - Penalty to Ryan Suter for Fighting.
15:07 of 3rd period - Darren Helm wins face-off versus Dustin Boyd in Saguenéens zone.
15:20 of 3rd period - Snap shot by Wade Belak.
15:20 of 3rd period - Shot Misses the Net.
15:22 of 3rd period - Snap shot by Wade Belak.
15:22 of 3rd period - Shot Misses the Net.
15:32 of 3rd period - Mike Van Ryn is hit by Andrej Meszaros and loses puck.
15:56 of 3rd period - Icing by Andrej Meszaros.
15:57 of 3rd period - David McIntyre wins face-off versus Tyler Bozak in River Rats zone.
15:58 of 3rd period - Snap shot by Lauri Tukonen.
15:58 of 3rd period - Shot Misses the Net.
16:22 of 3rd period - Trent Hunter is hit by Nikolai Kulemin.
16:32 of 3rd period - Wade Belak is hit by Martin Grenier and loses puck.
16:36 of 3rd period - Nikolai Kulemin is hit by Jonathan Ericsson and loses puck.
17:02 of 3rd period - Mike Van Ryn is hit by Jonathan Ericsson and loses puck.
17:56 of 3rd period - Bryan Bickell is hit by Kyle Brodziak and loses puck.
17:57 of 3rd period - Bryan Bickell from River Rats is injured at 17:57 of 3rd period (Sprained Right Knee).
17:58 of 3rd period - Dustin Boyd wins face-off versus Darren Helm in River Rats zone.
18:23 of 3rd period - Minor Penalty to Matt Niskanen for Tripping.
18:24 of 3rd period - Kyle Brodziak wins face-off versus Dustin Boyd in Saguenéens zone.
19:05 of 3rd period - Wrist shot by Darren Helm.
19:05 of 3rd period - Stopped by Jeff Glass with a rebound.
19:07 of 3rd period - Snap shot by Darren Helm.
19:07 of 3rd period - Stopped by Jeff Glass without a rebound.
19:08 of 3rd period - Kyle Brodziak wins face-off versus Dustin Boyd in River Rats zone.
19:17 of 3rd period - Snap shot by Chris Mcallister.
19:17 of 3rd period - Shot Misses the Net.
19:19 of 3rd period - Snap shot by Dustin Boyd.
19:19 of 3rd period - Deflect By Jay Beagle.
19:19 of 3rd period - Stopped by Thomas Greiss with a rebound.
19:21 of 3rd period - Snap shot by Niklas Hjalmarsson.
19:21 of 3rd period - Shot Misses the Net.
19:23 of 3rd period - Wrist shot by Niklas Hjalmarsson.
19:23 of 3rd period - Deflect By Jay Beagle.
19:23 of 3rd period - Goal by Jay Beagle - River Rats : 3 - Saguenéens : 8.
19:24 of 3rd period - Dustin Boyd wins face-off versus Darren Helm in neutral zone.
Output by the SimonT Hockey Simulator (STHS) for François Prévost -- Original Page W3C XHTML 1.0 Valid